 Dungeon Crawl Stone Soup version 0.19.0-2-gae57169 (webtiles) character file.

82158 Leibowitz the Impaler (level 15, -10/164 HPs)
             Began as a Merfolk Gladiator on Nov 5, 2016.
             Was the Champion of Okawaru.
             Killed from afar by a thorn hunter (21 damage)
             ... with a volley of thorns
             ... on level 4 of the Swamp.
             The game lasted 01:53:22 (28272 turns).

Leibowitz the Impaler (Merfolk Gladiator)          Turns: 28272, Time: 01:53:23

Health: -10/164    AC: 17    Str: 19    XL:     15   Next: 72%
Magic:  15/15      EV: 27    Int:  7    God:    Okawaru [******]
Gold:   1318       SH:  0    Dex: 21    Spells: 0 memorised, 14 levels left

rFire  + + .     SeeInvis .     a - +4 bardiche (protect)
rCold  + . .     Gourm    .     C - +0 robe "Rifab" {rElec rPois Int-2 Dex+3}
rNeg   . . .     Faith    +     (shield currently unavailable)
rPois  +         Spirit   .     s - +2 helmet {Int+3}
rElec  +         Reflect  .     v - +2 cloak of the Morning {rF+ Str+3}
rCorr  .         Harm     .     y - +0 pair of gloves
MR     +....                    (no boots)
Stlth  ++++......               j - amulet of faith
                                g - ring of protection from cold
                                h - ring of protection from fire

@: protection aura, very slightly contaminated
A: change form in water, swift swim, stealthy swim, blink, dopey 1, regeneration
1, robust 2, weak 1
a: Blink, Heroism, Finesse, Renounce Religion


You were on level 4 of the Swamp.
You worshipped Okawaru.
Okawaru was exalted by your worship.
You were hungry.

You visited 6 branches of the dungeon, and saw 23 of its levels.
You also visited: Labyrinth and Bailey.

You collected 1318 gold pieces.

Inventory:

Hand Weapons
 a - a +4 bardiche of protection (weapon)
 b - a +1 trident
 k - a +2 spear of venom
 I - a +1 bardiche of venom
Missiles
 c - 3 curare-tipped needles
 d - 5 throwing nets (quivered)
 t - 5 javelins
Armour
 s - a +2 helmet of intelligence (worn)
 v - the +2 cloak of the Morning (worn) {rF+ Str+3}
   (You found it on level 2 of the Lair of Beasts)

   It affects your strength (+3).
   It protects you from fire.
 y - a +0 pair of gloves (worn)
 C - the +0 robe "Rifab" (worn) {rElec rPois Int-2 Dex+3}
   (You found it in a labyrinth)

   It affects your intelligence (-2).
   It affects your dexterity (+3).
   It insulates you from electricity.
   It protects you from poison.
Jewellery
 g - a ring of protection from cold (right hand)
 h - a ring of protection from fire (left hand)
 j - an amulet of faith (around neck)
 n - a +6 amulet of reflection
 z - the amulet of Ebadu {Reflect *Slow rElec Str+2 Slay+3 SH+3}
   (You acquired it on level 1 of the Swamp)

   [amulet of reflection]

   It shields you and reflects attacks.
   It affects your strength (+2).
   It affects your accuracy and damage with ranged weapons and melee attacks
   (+3).
   It insulates you from electricity.
   It may slow you when you take damage.
   It affects your SH (+3).
 S - an uncursed ring of protection from magic
 U - an uncursed ring of flight
Wands
 o - a wand of confusion (14/48)
 p - a wand of lightning (5/15)
 r - a wand of teleportation (4/9)
 G - a wand of disintegration (15/24)
 L - a wand of iceblast (7/15)
 O - a wand of disintegration (14/24)
Scrolls
 e - 14 scrolls of identify
 i - 10 scrolls of remove curse
 l - 7 scrolls of enchant armour
 q - 5 scrolls of recharging
 w - a scroll of fog
 x - 5 scrolls of enchant weapon
 J - 3 scrolls of magic mapping
 K - 2 scrolls of teleportation
 N - a scroll of blinking
 V - 3 scrolls of immolation
 W - a scroll of fear
Potions
 u - 7 potions of flight
 A - 2 potions of invisibility
 B - 2 potions of curing
 E - 2 potions of agility
 F - 2 potions of magic
 R - 2 potions of haste
 T - 3 potions of brilliance
Books
 H - a book of Necromancy

   Spells                             Type                      Level
   a - Pain                           Necromancy                   1
   b - Animate Skeleton               Necromancy                   1
   c - Vampiric Draining              Necromancy                   3
   d - Regeneration                   Charms/Necromancy            3
   e - Animate Dead                   Necromancy                   4
   f - Control Undead                 Necromancy                   4
 Q - a book of Debilitation

   Spells                             Type                      Level
   a - Corona                         Hexes                        1
   b - Slow                           Hexes                        2
   c - Gell's Gravitas                Hexes/Translocation          3
   d - Inner Flame                    Hexes/Fire                   3
   e - Cause Fear                     Hexes                        4
   f - Leda's Liquefaction            Hexes/Earth                  4
Comestibles
 f - 15 bread rations
 m - 13 meat rations
 D - 35 fruits
 M - a beef jerky
 P - a royal jelly


   Skills:
 * Level 18.4 Fighting
 + Level 20.8 Polearms
 + Level 3.7 Throwing
 + Level 5.8 Armour
 * Level 16.3 Dodging
 + Level 7.9 Stealth
 + Level 0.8 Evocations


You had 14 spell levels left.
You didn't know any spells.

Dungeon Overview and Level Annotations

Branches:
Dungeon (10/15)            Temple (1/1) D:7            Lair (6/6) D:10
  Swamp (4/4) Lair:3       Spider (1/4) Lair:4        Slime (1/5) Lair:6
    Orc (0/2) D:9

Altars:
Ashenzari
Cheibriados
Elyvilon
Hepliaklqana
Makhleb
Nemelex Xobeh
Okawaru
Qazlal
Sif Muna
Xom
Yredelemnul
Zin
The Shining One

Shops:
D:5 (


Innate Abilities, Weirdness & Mutations

You revert to your normal form in water.
You are very nimble and swift while swimming.
You are very stealthy in the water. (Stealth+)
You can translocate small distances at will.
You are dopey. (Int -2)
Your natural rate of healing is unusually fast.
You are very robust. (+20% HP)
You are weak. (Str -2)


Message History

The thorn hunter is severely damaged.
The thorn hunter fires a volley of thorns at you.
The volley of thorns misses you.
The insubstantial wisp hits you but does no damage.
Unknown command.
You slash the thorn hunter!
The thorn hunter is almost destroyed.
The thorn hunter fires a volley of thorns at you.
The volley of thorns hits you!
* * * LOW HITPOINT WARNING * * *
The insubstantial wisp misses you.
Unknown command.
Blink to where?
Press: ? - help, Dir - move target cursor You are very lightly contaminated with residual magic.
As you read the scroll of blinking, it crumbles to dust.
The briar patch crumbles away.
The thorn hunter fires a volley of thorns at you.
The volley of thorns hits you!
You die...

♣♣..≈§≈≈≈≈.≈♣♣♣≈.†♣♣≈.≈≈♣♣♣
≈≈♣.≈≈≈≈≈≈≈≈♣♣♣♣..†≈♣..≈.♣
....§≈≈≈≈≈≈≈.♣≈..≈♣♣♣♣♣♣♣♣
♣..≈≈≈≈..≈≈≈...≈≈≈.♣♣
≈...≈≈≈≈.♣♣♣≈≈≈≈≈≈..♣
..≈..≈≈≈≈..♣≈≈≈≈≈≈≈♣♣
.≈≈≈.(≈≈≈≈.≈≈PPPP≈♣♣
≈.≈≈.≈≈≈≈≈≈.≈P.≈≈<≈♣ ♣♣♣
≈≈.♣P..@≈♣♣.≈≈♣♣
..♣♣...♣♣♣...≈♣
....P...§♣≈..≈♣
.♣♣..≈≈?v§§.≈.♣
.....≈v≈≈≈f≈≈≈.♣
.≈≈≈.≈≈≈≈≈≈.≈≈.♣
.≈≈≈≈≈≈≈.<..≈.♣♣
≈≈≈≈...§♣...♣♣♣
≈≈≈≈≈..♣♣♣≈≈♣


You could see a thorn hunter and 2 insubstantial wisps.

Vanquished Creatures
  3 thorn hunters
  A very ugly thing (Swamp:2)
  A minotaur (Lab)
  12 hydras
  A merfolk avatar (Lair:6)
  A ghost crab (Swamp:2)
  A death yak (Lair:6)
  3 alligators
  Sonja (D:10)
  A spriggan druid (Swamp:1)
  2 swamp dragons
  A sea snake (Lair:6)
  3 shambling mangroves
  5 harpies (Lair:6)
  Pikel (D:4)
  An orb spider (Lair:4)
  An orc knight (Bailey)
  20 elephants
  The ghost of gitgud34 the Cudgeler, a novice TrFi (D:5)
  Maurice (D:8)
  4 black mambas
  A torpor snail (Lair:6)
  Psyche (D:9)
  14 spiny frogs
  6 rime drakes
  12 komodo dragons
  3 trolls
  4 polar bears (Lair:6)
  5 tyrant leeches
  6 bog bodies
  15 hornets
  11 slime creatures
  5 dream sheep (Lair:5)
  13 blink frogs
  5 hippogriffs
  Sigmund (D:3)
  A redback (Lab)
  9 wyverns
  38 yaks
  8 spriggans
  2 shadows
  A basilisk (Lair:3)
  3 hungry ghosts
  7 vampire mosquitoes
  15 swamp worms
  16 insubstantial wisps
  A warg (D:9)
  12 water moccasins
  20 orc warriors
  Purgy (D:3)
  14 porcupines
  5 swamp drakes
  A necrophage (D:9)
  A black bear (D:9)
  3 sky beasts
  An eye of draining (D:10)
  A phantom (D:5)
  3 ice beasts
  8 ogres
  4 centaurs
  8 wolves
  19 crocodiles
  9 bullfrogs
  2 scorpions
  6 killer bees (D:9)
  3 wights (D:8)
  4 crimson imps
  5 jellies
  2 hounds
  A quasit (D:10)
  11 orc wizards
  10 orc priests
  Crazy Yiuf (D:2)
  A bullfrog skeleton (D:8)
  A centaur skeleton (D:9)
  Terence (D:1)
  2 iguanas (D:4)
  Natasha (thrice) (D:2)
  9 worker ants
  A hound skeleton (D:9)
  A howler monkey zombie (D:7)
  Robin (D:2)
  7 gnolls (D:7)
  13 adders
  5 shadow imps
  2 oozes
  4 worms
  4 leopard geckos
  78 orcs
  10 bats
  4 giant cockroaches
  22 goblins
  8 hobgoblins
  2 quokkas
  A ball python (D:1)
  2 frilled lizards
  7 kobolds
  9 rats
621 creatures vanquished.

Vanquished Creatures (others)
  An insubstantial wisp (Swamp:4)
  An orc priest (D:9)
  11 fungi
  18 plants (Lair:6)
31 creatures vanquished.

Grand Total: 652 creatures vanquished

Notes
Turn   | Place    | Note
-------+----------+-------------------------------------------
     0 | D:1      | Leibowitz the Merfolk Gladiator began the quest for the Orb.
     0 | D:1      | Reached XP level 1. HP: 16/16 MP: 1/1
   318 | D:1      | Reached XP level 2. HP: 23/23 MP: 2/2
   367 | D:1      | You fall through a shaft!
   917 | D:2      | Noticed Terence
   932 | D:1      | Killed Terence
   932 | D:1      | Reached skill level 5 in Polearms
   932 | D:1      | Reached XP level 3. HP: 9/28 MP: 3/3
  1177 | D:2      | Noticed Robin
  1242 | D:1      | Reached XP level 4. HP: 17/34 MP: 4/4
  1521 | D:2      | Found a runed door.
  1592 | D:2      | Noticed Natasha
  1603 | D:2      | Killed Natasha
  1603 | D:2      | Reached skill level 5 in Dodging
  1843 | D:2      | Reached skill level 1 in Stealth
  1851 | D:2      | Killed Robin
  2023 | D:2      | Reached XP level 5. HP: 27/41 MP: 5/5
  2201 | D:2      | Noticed Natasha
  2203 | D:2      | Killed Natasha
  2305 | D:2      | Noticed Natasha
  2313 | D:2      | Killed Natasha
  2313 | D:2      | Reached skill level 1 in Armour
  2564 | D:2      | Noticed Crazy Yiuf
  2577 | D:2      | Killed Crazy Yiuf
  2601 | D:2      | Gained mutation: You can translocate small distances at will. [potion of beneficial mutation]
  2725 | D:3      | Found a shattered altar of Ashenzari.
  2750 | D:3      | Reached skill level 6 in Polearms
  2750 | D:3      | Reached XP level 6. HP: 48/48 MP: 6/6
  3230 | D:3      | Noticed Sigmund
  3248 | D:3      | Killed Sigmund
  3248 | D:3      | Reached XP level 7. HP: 23/55 MP: 7/7
  3272 | D:3      | Noticed Purgy
  3282 | D:3      | Killed Purgy
  3282 | D:3      | Reached skill level 7 in Polearms
  3749 | D:3      | Gained mutation: You are dopey. (Int -2) [potion of mutation]
  3749 | D:3      | Gained mutation: You are weak. (Str -2) [potion of mutation]
  3749 | D:3      | Gained mutation: You are robust. (+10% HP) [potion of mutation]
  4419 | D:4      | Reached skill level 5 in Fighting
  4423 | D:4      | Reached skill level 8 in Polearms
  4423 | D:4      | Reached XP level 8. HP: 59/68 MP: 8/8
  4631 | D:4      | Noticed Pikel
  4647 | D:4      | Killed Pikel
  4647 | D:4      | Reached skill level 9 in Polearms
  4758 | D:5      | Entered Level 5 of the Dungeon
  4990 | D:5      | Found Seibekan's Antique Weapon Shoppe.
  5016 | D:5      | Noticed gitgud34's ghost (novice TrFi)
  5069 | D:5      | Killed gitgud34's ghost
  5069 | D:5      | Reached skill level 10 in Polearms
  5069 | D:5      | Reached XP level 9. HP: 56/78 MP: 9/9
  6246 | D:6      | Reached skill level 11 in Polearms
  6951 | D:7      | Found a flagged portal.
  6965 | Bailey   | Entered a bailey
  7210 | Bailey   | HP: 3/81 [orc warrior (18)]
  7709 | Bailey   | Reached skill level 12 in Polearms
  7783 | Bailey   | Reached XP level 10. HP: 77/88 MP: 10/10
  7840 | Bailey   | Found a roughly hewn altar of Beogh.
  7840 | Bailey   | Noticed an orc knight
  7856 | Bailey   | Reached skill level 5 in Stealth
  7981 | Bailey   | Killed an orc knight
  8662 | D:7      | Found a staircase to the Ecumenical Temple.
  8671 | Temple   | Entered the Ecumenical Temple
  8688 | Temple   | Became a worshipper of Warmaster Okawaru
  9336 | D:7      | Reached skill level 13 in Polearms
  9464 | D:8      | Noticed Maurice
  9484 | D:8      | Killed Maurice
 10159 | D:8      | Reached * piety under Okawaru
 10358 | D:8      | Reached skill level 10 in Fighting
 11110 | D:9      | HP: 2/93 [orc warrior/hand axe (8)]
 11455 | D:9      | Reached skill level 14 in Polearms
 11455 | D:9      | Reached XP level 11. HP: 18/100 MP: 11/11
 12125 | D:9      | Reached skill level 10 in Dodging
 12139 | D:9      | Found a staircase to the Orcish Mines.
 12311 | D:9      | Reached ** piety under Okawaru
 12774 | D:9      | Got a jewelled scale mail
 12785 | D:9      | Identified the +0 scale mail of Evolution {rElec rC+ Str-3} (You found it on level 9 of the Dungeon)
 12923 | D:9      | Noticed Psyche
 12941 | D:9      | Killed Psyche
 13023 | D:9      | Gained mutation: You are very robust. (+20% HP) [potion of beneficial mutation]
 13024 | D:9      | Gained mutation: Your natural rate of healing is unusually fast. [potion of beneficial mutation]
 13062 | D:10     | Entered Level 10 of the Dungeon
 13101 | D:10     | Found a staircase to the Lair.
 13346 | D:10     | Reached *** piety under Okawaru
 13433 | D:10     | Got an ancient halberd
 13439 | D:10     | Identified the +3 halberd of Obsession {venom, Str-5 Int+4 Stlth+} (You found it on level 10 of the Dungeon)
 13457 | D:10     | Noticed Sonja
 13478 | D:10     | Killed Sonja
 13478 | D:10     | Received a gift from Okawaru
 13699 | D:10     | Reached **** piety under Okawaru
 13699 | D:10     | Received a gift from Okawaru
 14108 | Lair:1   | Entered Level 1 of the Lair of Beasts
 14464 | Lair:1   | Reached ***** piety under Okawaru
 14479 | Lair:1   | Reached skill level 15 in Polearms
 14601 | Lair:1   | Reached XP level 12. HP: 115/126 MP: 12/12
 14630 | Lair:1   | Received a gift from Okawaru
 16373 | Lair:2   | Got a jewelled cloak
 16384 | Lair:2   | Identified the +2 cloak of the Morning {rF+ Str+3} (You found it on level 2 of the Lair of Beasts)
 16961 | Lair:3   | Noticed an eight-headed hydra
 16977 | Lair:3   | Killed an eight-headed hydra
 16977 | Lair:3   | Reached skill level 5 in Armour
 17286 | Lair:3   | Noticed a spriggan rider
 17413 | Lair:3   | Found a staircase to the Swamp.
 17755 | Lair:3   | Received a gift from Okawaru
 17823 | Lair:3   | Found a glowing silver altar of Zin.
 18194 | Lair:4   | Received a gift from Okawaru
 18208 | Lair:4   | Reached skill level 15 in Fighting
 18496 | Lair:4   | Found a hole to the Spider Nest.
 18501 | Lair:4   | Reached skill level 16 in Polearms
 18511 | Spider:1 | Entered Level 1 of the Spider Nest
 18675 | Lair:4   | Reached XP level 13. HP: 130/139 MP: 13/13
 19151 | Lair:4   | Received a gift from Okawaru
 19270 | Lair:5   | Received a gift from Okawaru
 19322 | Lair:5   | Found a labyrinth entrance.
 19348 | Lab      | Entered a labyrinth
 19530 | Lab      | Reached ****** piety under Okawaru
 19553 | Lab      | Reached skill level 17 in Polearms
 20394 | Lab      | Noticed a minotaur
 20404 | Lab      | Killed a minotaur
 20414 | Lab      | Got a wavering lapis lazuli ring
 20421 | Lab      | Got a twisted robe
 20423 | Lab      | Identified the Volume of Hexes
 20425 | Lab      | Got a sapphire dagger
 20471 | Lair:5   | Identified the +0 robe "Rifab" {rElec rPois Int-2 Dex+3} (You found it in a labyrinth)
 20472 | Lair:5   | Identified the ring "Jozun" {Ice Int+4} (You found it in a labyrinth)
 21010 | Lair:6   | Entered Level 6 of the Lair of Beasts
 21066 | Lair:5   | Received a gift from Okawaru
 21189 | Lair:5   | Received a gift from Okawaru
 21628 | Lair:6   | Reached skill level 18 in Polearms
 21638 | Lair:6   | HP: 3/142 [seven-headed hydra (12)]
 22100 | Lair:6   | Received a gift from Okawaru
 22100 | Lair:6   | Reached XP level 14. HP: 128/151 MP: 14/14
 23093 | Lair:6   | Found a staircase to the Slime Pits.
 23106 | Slime:1  | Entered Level 1 of the Pits of Slime
 23106 | Slime:1  | Noticed an acid blob
 23170 | Lair:6   | Received a gift from Okawaru
 23420 | Lair:6   | Reached skill level 19 in Polearms
 24074 | Swamp:1  | Entered Level 1 of the Swamp
 24080 | Swamp:1  | Noticed a thorn hunter
 24091 | Swamp:1  | Killed a thorn hunter
 24091 | Swamp:1  | Reached skill level 15 in Dodging
 24178 | Swamp:1  | Identified a scroll of acquirement
 24179 | Swamp:1  | Got a steaming graven amulet
 24180 | Swamp:1  | Identified the amulet of Ebadu {Reflect *Slow rElec Str+2 Slay+3 SH+3} (You acquired it on level 1 of the Swamp)
 24420 | Swamp:1  | Received a gift from Okawaru
 25029 | Swamp:2  | Noticed a thorn hunter
 25029 | Swamp:2  | Noticed a green very ugly thing
 25030 | Swamp:2  | Reached XP level 15. HP: 162/162 MP: 15/15
 25042 | Swamp:2  | Killed a thorn hunter
 25521 | Swamp:1  | Received a gift from Okawaru
 25704 | Swamp:2  | Noticed a thorn hunter
 25712 | Swamp:1  | Reached skill level 20 in Polearms
 26442 | Swamp:2  | Killed a thorn hunter
 26442 | Swamp:2  | Received a gift from Okawaru
 26534 | Swamp:2  | Found a shattered altar of Ashenzari.
 27850 | Swamp:4  | Entered Level 4 of the Swamp
 27947 | Swamp:4  | Received a gift from Okawaru
 28251 | Swamp:4  | Noticed a thorn hunter
 28272 | Swamp:4  | Killed from afar by a thorn hunter

Skill      XL: |  1  2  3  4  5  6  7  8  9 10 11 12 13 14 15 |
---------------+----------------------------------------------+-----
Polearms       | 5 6 8 10 12 14 15 16 18 19 20 | 20.8
Fighting       | 3 4 5 6 8 10 13 15 16 17 18 | 18.4
Dodging        | 5 6 7 8 9 11 12 13 15 16 | 16.3
Stealth        | 1 2 3 4 5 6 7 |  7.9
Armour         | 1 2 3 4 5 |  5.8
Throwing       | 3 |  3.7
Evocations     | |  0.8

Action                   |  1- 3 |  4- 6 |  7- 9 | 10-12 | 13-15 || total
-------------------------+-------+-------+-------+-------+-------++-------
Melee: Trident           |    80 |   166 |   440 |   725 |    97 ||  1508
       Tailslap          |       |       |    19 |    27 |   139 ||   185
       Glaive            |       |       |       |   488 |       ||   488
       Halberd           |       |       |       |    31 |       ||    31
       Bardiche          |       |       |       |    40 |   977 ||  1017
Throw: Javelin           |       |    11 |       |    21 |     1 ||    33
       Throwing net      |       |     3 |     4 |       |       ||     7
Invok: Heroism           |       |       |       |     2 |     1 ||     3
 Abil: Evoke Berserk Rag |       |     1 |       |       |       ||     1
Evoke: Wand              |       |       |       |     4 |    11 ||    15
  Use: Scroll            |       |     6 |     6 |     8 |    13 ||    33
       Potion            |       |     2 |    10 |    11 |     4 ||    27
 Stab: Sleeping          |     2 |     5 |    17 |    14 |    14 ||    52
       Held in net/web   |       |     1 |       |       |       ||     1
       Distracted        |       |     1 |     1 |     2 |     1 ||     5
  Eat: Chunk             |     1 |     7 |    12 |    32 |    20 ||    72
       Beef jerky        |       |     1 |     1 |       |     6 ||     8
       Fruit             |       |       |       |     3 |     2 ||     5
       Royal jelly       |       |       |       |     1 |       ||     1
       Meat ration       |       |       |       |       |     1 ||     1
Armor: Leather armour    |    19 |    40 |    56 |    85 |       ||   200
       Scale mail        |       |       |       |   218 |    35 ||   253
       Robe              |       |       |       |       |   222 ||   222
Dodge: Dodged            |    60 |    94 |   233 |   779 |  1619 ||  2785
